 Dungeon Crawl Stone Soup version 0.19.1-1-g22dce08 (webtiles) character file.

493 Gorglomux the Archer (level 6, -1/53 HPs)
             Began as a Centaur Hunter on Jan 2, 2017.
             Killed from afar by Dowan (15 damage)
             ... with a shard of ice
             ... on level 5 of the Dungeon.
             The game lasted 00:08:52 (6056 turns).

Gorglomux the Archer (Centaur Hunter)               Turns: 6056, Time: 00:08:53

Health: -1/53      AC:  7    Str: 17    XL:     6   Next: 92%
Magic:  5/5        EV:  9    Int: 13    God:
Gold:   267        SH:  0    Dex: 11    Spells: 0 memorised, 5 levels left

rFire  . . .     SeeInvis .     b - +0 spear
rCold  . . .     Gourm    .     c - +0 leather armour
rNeg   . . .     Faith    .     (no shield)
rPois  .         Spirit   .     u - +0 helmet
rElec  .         Reflect  .     (no cloak)
rCorr  .         Harm     .     (no gloves)
MR     .....                    (no barding)
Stlth  +.........               (no amulet)
                                (no ring)
                                h - +3 ring of intelligence

@: very quick
A: hooves 3, thin metallic scales 1, thin skeletal structure 1, deformed body,
speed 2, low mp 1, tough skin 3
a: no special abilities


You were on level 5 of the Dungeon.
You were hungry.

You visited 1 branch of the dungeon, and saw 5 of its levels.

You collected 267 gold pieces.

Inventory:

Hand Weapons
 a - a +1 shortbow
 b - a +0 spear (weapon)
Missiles
 d - 73 arrows
Armour
 c - a +0 leather armour (worn)
 u - a +0 helmet (worn)
Jewellery
 h - a +3 ring of intelligence (left hand)
 r - an uncursed amulet of magic regeneration
Wands
 g - a wand of heal wounds (2/9)
Scrolls
 j - 4 scrolls of identify
 k - a scroll of enchant armour {unknown}
 n - a scroll of fear {unknown}
 p - 2 scrolls of magic mapping
 q - a scroll of immolation
 t - 2 scrolls of remove curse
 w - 3 scrolls of blinking {unknown}
 z - a scroll of fog {unknown}
 A - a scroll of teleportation {unknown}
Potions
 e - a potion of flight
 i - a potion of curing
 l - 2 potions of brilliance
 x - a potion of cancellation {unknown}
Books
 m - a Fen Folio

   Spells                             Type                      Level
   a - Corpse Rot                     Necromancy                   2
   b - Stone Arrow                    Conjuration/Earth            3
   c - Leda's Liquefaction            Hexes/Earth                  4
   d - Summon Forest                  Summoning/Translocation      5
   e - Hydra Form                     Transmutation                6
   f - Summon Hydra                   Summoning                    7
Comestibles
 f - 3 bread rations
 s - 2 meat rations
 v - 2 slices of pizza
 y - 2 beef jerkies


   Skills:
 + Level 4.4 Fighting
 * Level 9.5 Bows
 - Level 1.3 Dodging
 - Level 0.4 Stealth


You had 5 spell levels left.
You didn't know any spells.

Dungeon Overview and Level Annotations

Branches:
Dungeon (5/15)
 Temple: D:4-7

Altars:

Annotations:
D:3 Sigmund
D:5 Dowan


Innate Abilities, Weirdness & Mutations

You have hooves in place of feet.
Armour fits poorly on your strangely shaped body.
You cover ground very quickly.
You have extremely tough skin. (AC +3)
You are partially covered in thin metallic scales. (AC +2)
You have a somewhat thin skeletal structure. (Dex +2, Stealth)
Your magical capacity is low. (-10% MP)


Message History

You hit Duvessa. Your kick misses Duvessa.
Duvessa is almost dead.
The crimson imp hits you but does no damage.
Duvessa zaps a wand.
The puff of flame hits you! The crimson imp closely misses you.
You hit Duvessa.
You kill Duvessa!
You hear a distant wail of despair.
The crimson imp hits you but does no damage.
You closely miss the crimson imp. Your kick misses the crimson imp.
The crimson imp is lightly wounded.
Dowan seems to find hidden reserves of power!
The crimson imp hits you.
* * * LOW HITPOINT WARNING * * *
You hit the crimson imp. Your kick misses the crimson imp.
The crimson imp is lightly wounded.
The crimson imp blinks!
Dowan points at you and mumbles some strange words.
The shard of ice hits you!
You die...

# .### ###... #..e
####.# # #...<# .#
##.########.##(###.#
..5...ยง@)e..##.....#
##.#############e###
#.## #####.e##
...##......(#####
........##....(e<
#....<.>...
#..#..(....
........#####


You could see Dowan and a crimson imp.

Vanquished Creatures
  Duvessa (D:5)
  An ogre (D:4)
  A crimson imp (D:4)
  A hound (D:3)
  2 iguanas
  2 worker ants (D:4)
  7 adders
  An adder skeleton (D:4)
  2 worms
  A dart slug (D:1)
  A leopard gecko (D:1)
  2 orcs
  3 giant cockroaches
  9 goblins
  8 hobgoblins
  5 jackals
  3 ball pythons
  8 bats
  6 frilled lizards
  10 kobolds
  6 rats
80 creatures vanquished.

Notes
Turn   | Place    | Note
-------+----------+-------------------------------------------
     0 | D:1      | Gorglomux the Centaur Hunter began the quest for the Orb.
     0 | D:1      | Reached XP level 1. HP: 17/17 MP: 1/1
     2 | D:1      | Noticed a minotaur skeleton
    14 | D:1      | Noticed a minotaur skeleton
   430 | D:1      | Reached XP level 2. HP: 6/24 MP: 2/2
   906 | D:1      | Reached skill level 6 in Bows
  1387 | D:2      | Reached XP level 3. HP: 23/30 MP: 3/3
  2098 | D:2      | Gained mutation: Your magical capacity is low. (-10% MP) [potion of mutation]
  2098 | D:2      | Gained mutation: You have a somewhat thin skeletal structure. (Dex +2, Stealth) [potion of mutation]
  2098 | D:2      | Gained mutation: You are partially covered in thin metallic scales. (AC +2) [potion of mutation]
  2196 | D:2      | Reached XP level 4. HP: 28/37 MP: 3/3
  2754 | D:3      | Reached skill level 7 in Bows
  3109 | D:3      | Noticed Sigmund
  4022 | D:3      | HP: 1/38 [something/magic dart (5)]
  4453 | D:3      | Reached XP level 5. HP: 45/45 MP: 4/4
  4581 | D:4      | Reached skill level 8 in Bows
  5312 | D:4      | Reached XP level 6. HP: 31/52 MP: 5/5
  5637 | D:4      | Reached skill level 9 in Bows
  5696 | D:5      | Entered Level 5 of the Dungeon
  5710 | D:5      | Noticed Duvessa
  5711 | D:5      | Noticed Dowan
  6054 | D:5      | Killed Duvessa
  6056 | D:5      | Killed from afar by Dowan

Skill      XL: |  1  2  3  4  5  6 |
---------------+-------------------+-----
Bows           | 6 7 8 9 |  9.5
Fighting       | 3 4 |  4.4
Dodging        | |  1.3
Stealth        | |  0.4

Action                   |  1- 3 |  4- 6 || total
-------------------------+-------+-------++-------
Melee: Short sword       |   139 |       ||   139
       Kick              |    22 |    38 ||    60
       Spear             |    26 |   244 ||   270
 Fire: Shortbow          |     5 |    36 ||    41
  Use: Potion            |     6 |       ||     6
       Scroll            |       |     5 ||     5
 Stab: Sleeping          |       |     2 ||     2
  Eat: Chunk             |     3 |    10 ||    13
Armor: Leather armour    |    91 |    77 ||   168
Dodge: Dodged            |   106 |    96 ||   202
